 Dungeon Crawl Stone Soup version 0.30-a0-12-gd8047c6341 (webtiles) character file.

Game seed: 9375183896951956882

69 SensoryNuts the Chopper (level 4, -1/40 HPs)
             Began as a Hill Orc Fighter on Aug 23, 2022.
             Slain by an orc priest
             ... wielding a +0 dagger
              (3 damage)
             ... on level 3 of the Dungeon.
             The game lasted 00:01:42 (2139 turns).

SensoryNuts the Chopper (Hill Orc Fighter)          Turns: 2139, Time: 00:01:43

Health: -1/40      AC: 10    Str: 18    XL:     4   Next: 20%
Magic:  4/4        EV:  9    Int:  8    God:
Gold:   69         SH:  4    Dex: 12    Spells: 3/3 levels left

rFire   . . .      SeeInvis .    a - +0 war axe
rCold   . . .      Faith    .    c - +0 buckler
rNeg    . . .      Spirit   .    b - +0 scale mail
rPois   .          Reflect  .    (no helmet)
rElec   +          Harm     .    j - +1 cloak
rCorr   .          Rampage  .    (no gloves)
Will    .....                    (no boots)
Stlth   ..........               (no amulet)
HPRegen 0.13/turn                (no ring)
MPRegen 0.09/turn                (no ring)

@: no status effects
A: shaggy fur 1, electricity resistance, wild magic 1
a: Convert to Beogh


You were on level 3 of the Dungeon.
You visited 1 branch of the dungeon, and saw 3 of its levels.

You collected 69 gold pieces.

Inventory:

Hand Weapons
 a - a +0 war axe (weapon)
Armour
 b - a +0 scale mail (worn)
 c - a +0 buckler (worn)
 j - a +1 cloak (worn)
Jewellery
 g - a ring of ice
Wands
 q - a wand of mindburst (13)
Scrolls
 i - a scroll of teleportation
Potions
 d - 2 potions of might
 e - a potion of mutation
 f - a potion of resistance {unknown}
 h - a potion of heal wounds
 k - 2 potions of degeneration {unknown}
 m - a potion of magic
 o - 2 potions of haste


   Skills:
 + Level 4.0 Fighting
 * Level 4.5 Axes
 + Level 3.7 Armour
 + Level 0.5 Dodging
 + Level 3.5 Shields


You had 3 spell levels left.
You didn't know any spells.
Your spell library contained the following spells:

 Spells                   Type           Power      Damage    Failure   Level
 Magic Dart               Conj           0%         1d3       91%         1
 Call Imp                 Summ           0%         N/A       97%         2
 Mephitic Cloud           Conj/Pois/Air  0%         N/A       99%         3
 Ozocubu's Armour         Ice            0%         N/A       99%         3
 Ozocubu's Refrigeration  Ice            0%         4d7       100%        7


Dungeon Overview and Level Annotations

Branches:
Dungeon (3/15)

Altars:

Shops:
D:1 (


Innate Abilities, Weirdness & Mutations

You are covered in fur. (AC +1)
You are resistant to electric shocks. (rElec)
Your spells are a little harder to cast, but a little more powerful.


Message History

There are monsters nearby!
Unknown command.
The bat closely misses you. The bat barely misses you.
The bat hits you but does no damage.
Things that are here:
a +0 dagger; 4 stones; a kobold corpse You slash the bat!
You kill the bat!
An orc comes into view. It is wielding a +0 hand axe.
Things that are here:
a +0 dagger; 4 stones; a kobold corpse You barely miss the orc.
The orc hits you but does no damage.
You completely miss the orc. The orc hits you with a +0 short sword.
The orc hits you but does no damage.
You barely miss the orc. You block the orc's attack.
You slash the orc!
You kill the orc!
You swing at nothing.
The orc hits you but does no damage.
You slash the orc!
You kill the orc!
You swing at nothing.
The orc priest threatens, "By the altar or by the axe, you will meet Beogh!" (press Y on the ability menu to convert to Beogh)
The orc priest shouts!
The orc shouts!
You hear a bark!
The orc priest invokes the aid of Beogh against you.
Beogh smites you!
Things that are here:
a +0 dagger; 4 stones; a kobold corpse You slash the orc!
You kill the orc!
The orc priest mumbles some strange prayers to Beogh against you.
Pain shoots through your body!
The orc priest invokes the aid of Beogh against you.
Beogh smites you!
* * * LOW HITPOINT WARNING * * *
You hear a bark!
Items here: ))) [ ††.
You hit the orc priest but do no damage.
The orc priest hits you with a +0 dagger.
You die...

. ...#################
o..................#####
.o......o..............#
o.o.####o#########.###.#
. #@# #.# #.# #)# #.#
#.# #.## ##.###.#
#..#######...##.#
##.##.........#.#
#.##.####...#..#
#.##.......##.##
#.##..####.#...## .#
#.##..# #.......


You could see an orc priest and an orc.

Vanquished Creatures
  An adder (D:2)
  A worm (D:2)
  2 dart slugs (D:1)
  3 orcs (D:3)
  3 ball pythons
  3 endoplasms
  5 giant cockroaches
  3 goblins (D:1)
  8 hobgoblins
  4 jackals (D:3)
  A quokka (D:1)
  3 bats
  3 frilled lizards
  3 kobolds
  2 rats
45 creatures vanquished.

Notes
Turn   | Place    | Note
-------+----------+-------------------------------------------
     0 | D:1      | SensoryNuts the Hill Orc Fighter began the quest for the
                  | Orb.
     0 | D:1      | Reached XP level 1. HP: 19/19 MP: 1/1
   112 | D:1      | Reached XP level 2. HP: 23/27 MP: 2/2
   462 | D:1      | Found a faded altar of an unknown god.
   569 | D:1      | Reached XP level 3. HP: 28/33 MP: 3/3
   724 | D:1      | Found Qeschal's Weapon Emporium.
  1886 | D:2      | Gained mutation: You are resistant to electric shocks.
                  | (rElec) [potion of mutation]
  1886 | D:2      | Gained mutation: You are covered in fur. (AC +1) [potion of
                  | mutation]
  1886 | D:2      | Gained mutation: Your spells are a little harder to cast,
                  | but a little more powerful. [potion of mutation]
  1961 | D:3      | Reached XP level 4. HP: 38/40 MP: 4/4
  2138 | D:3      | HP: 2/40 [orc priest/divine providence (11)]
  2139 | D:3      | Slain by an orc priest

Illustrated notes

Levels and vault maps discovered:
D:1:      minmay_arrival_jagged, layout_basic, serial_shops,
          nicolae_square_shop, hellmonk_ecumenical_altar_heavens_door,
          minmay_misc_feat_tiny
D:2:      layout_loops_ring
D:3:      layout_loops_ring

Skill      XL: |  1  2  3 |
---------------+----------+-----
Axes           | 3 4 |  4.5
Fighting       | 4 |  4.0
Armour         | |  3.7
Dodging        | |  0.5
Shields        | |  3.5

Action                   |  1- 3 |  4- 6 || total
-------------------------+-------+-------++-------
Melee: War axe           |   127 |    14 ||   141
  Use: Scroll            |     6 |       ||     6
       Potion            |     4 |       ||     4
Armor: Scale mail        |    74 |     6 ||    80
Dodge: Dodged            |    62 |     7 ||    69
Block: Buckler           |    28 |     3 ||    31

Table legend: (Time is in decaauts)
 A = Elapsed time spent in this place.
 B = Non-inter-level travel time spent in this place.
 C = Inter-level travel time spent in this place.
 D = Time resting spent in this place.
 E = Time spent auto-exploring this place.
 F = Levels seen in this place.
 G = Mean time per level.
                   A        B        C        D        E       F      G
               +--------+--------+--------+--------+--------+-----+--------+
         Total |   2189 |   2164 |     25 |    217 |   1545 |   3 |  729.7 |
       Dungeon |   2189 |   2164 |     25 |    217 |   1545 |   3 |  729.7 |
               +--------+--------+--------+--------+--------+-----+--------+

Top non-repeatable levels by time:
     D:2: 1088 daAuts
     D:1: 889 daAuts
     D:3: 211 daAuts
